 Dungeon Crawl Stone Soup version 0.31-a0-473-g61b50ae490 (webtiles) character file.

Game seed: 436742938519191308

16018 MisterAzrael the Cleaver (level 12, -40/106 HPs)
             Began as a Hill Orc Fighter on Aug 7, 2023.
             Was an Elder of the Shining One.
             Annihilated by an enormous slime creature (62 damage)
             ... on level 12 of the Dungeon.
             The game lasted 00:22:36 (10362 turns).

MisterAzrael the Cleaver (Hill Orc Fighter)        Turns: 10362, Time: 00:22:37

Health: -40/106    AC: 16    Str: 30    XL:     12   Next: 33%
Magic:  17/17      EV:  7    Int: 11    God:    the Shining One [****..]
Gold:   1994       SH:  6    Dex: 13    Spells: 11/11 levels left

rFire   + . .        X - +8 morningstar "Nir Koem" {flame, *Rage rElec Str+6}
rCold   + . .        c - +0 buckler
rNeg    + + .        g - +0 plate armour
rPois   .            (helmet restricted)
rElec   +            n - scarf {rC+ rF+}
rCorr   .            (no gloves)
SInv    .            H - +2 pair of boots "Latt" {Int+3 Dex+3}
Will    +....        f - amulet of regeneration Stlth
                     (no ring)
HPRegen 1.17/turn    (no ring)
MPRegen 0.15/turn

%: random rage (20%)
@: on berserk cooldown, enlightened, flying, slowed, glowing, very slow
A: hooves 1, horns 1, subdued magic 1, devolution 1
a: Renounce Religion, Divine Shield, Cleansing Flame


You were on level 12 of the Dungeon.
You worshipped the Shining One.
The Shining One was greatly pleased with you.
You visited 2 branches of the dungeon, and saw 13 of its levels.
You also visited: Bailey.

You collected 1994 gold pieces.

Inventory:

Hand Weapons
 a - a +0 spectral war axe
 r - a +0 whip of holy wrath
 s - a +0 broad axe
 D - the +5 executioner's axe "Sodem" {speed, rN+ MP+9 Str-5 Dex+7}
   (You acquired it in a bailey)

   Str:       It affects your strength (-5).
   Dex:       It affects your dexterity (+7).
   rN:        It protects you from negative energy.
   MP:        It affects your magic capacity (+9).
 X - the +8 morningstar "Nir Koem" (weapon) {flame, *Rage rElec Str+6}
   (You found it on level 10 of the Dungeon)

   Str:       It affects your strength (+6).
   rElec:     It insulates you from electricity.
   *Rage:     It berserks you when you make melee attacks (+20% chance).
 Y - a +2 great mace of protection
Missiles
 k - 3 atropa-tipped darts
 m - 2 throwing nets
 p - 28 poisoned darts (quivered)
 q - 19 javelins
 B - 4 darts of dispersal
 E - 24 boomerangs
Armour
 c - a +0 buckler (worn)
 g - a +0 plate armour (worn)
 n - a scarf of resistance (worn)
 A - an orb of mayhem
 H - the +2 pair of boots "Latt" (worn) {Int+3 Dex+3}
   (You acquired it on level 7 of the Dungeon)

   Int:       It affects your intelligence (+3).
   Dex:       It affects your dexterity (+3).
Jewellery
 f - an amulet of regeneration (around neck)
 W - an amulet of the acrobat
 Z - the ring "Irium" {Wiz MP+9}
   (You found it on level 10 of the Dungeon)

   [ring of wizardry]

   It improves your spell success rate.
   MP:        It affects your magic capacity (+9).
Wands
 w - a wand of charming (11)
 F - a wand of roots (37)
 J - a wand of flame (21)
 U - a wand of quicksilver (3)
Scrolls
 d - 2 scrolls of fear
 e - a scroll of summoning
 l - a scroll of identify
 v - 2 scrolls of amnesia {unknown}
 x - 4 scrolls of revelation
 y - a scroll of vulnerability {unknown}
 C - 4 scrolls of silence {unknown}
 G - a scroll of fog {unknown}
 I - 3 scrolls of teleportation
 M - 2 scrolls of blinking {unknown}
 Q - 2 scrolls of poison
 S - a scroll of enchant armour {unknown}
Potions
 b - a potion of might
 h - 4 potions of haste
 i - 3 potions of ambrosia
 j - 2 potions of invisibility {unknown}
 o - 3 potions of curing
 t - 2 potions of enlightenment
 K - 2 potions of berserk rage {unknown}
 P - a potion of magic {unknown}
 R - 2 potions of heal wounds {unknown}
 T - a potion of brilliance {unknown}


   Skills:
 + Level 10.1 Fighting
 - Level 13.0(13.4) Axes
 * Level 4.7(8.5) Maces & Flails
 * Level 9.8 Throwing
 - Level 6.5 Armour
 - Level 8.0 Shields
 + Level 7.4 Invocations


You had 11 spell levels left.
You didn't know any spells.
Your spell library contained the following spells:

 Spells                   Type           Power      Damage    Failure   Level
 Gell's Gravitas          Tloc           0%         N/A       100%        3
 Ozocubu's Armour         Ice            0%         N/A       100%        3
 Teleport Other           Tloc           0%         N/A       100%        3
 Metabolic Englaciation   Hex/Ice        0%         N/A       100%        5
 Summon Forest            Summ/Tloc      0%         N/A       100%        5
 Dispersal                Tloc           0%         N/A       100%        6
 Eringya's Noxious Bog    Tmut/Pois      0%         4d6       100%        6
 Simulacrum               Ice/Necr       0%         N/A       100%        6
 Summon Hydra             Summ           0%         N/A       100%        7


Dungeon Overview and Level Annotations

Branches:
Dungeon (12/15)            Temple (1/1) D:6            Lair (0/5) D:9
 Bailey (visited)
    Orc: D:9-12

Altars:
Ashenzari
Cheibriados
Dithmenos
Elyvilon
Fedhas
Gozag
Kikubaaqudgha
Makhleb
Nemelex Xobeh
Okawaru
Qazlal
Ru
Trog
Uskayaw
Vehumet
Wu Jian
Xom
Yredelemnul
Zin
The Shining One
Beogh

Shops:
D:2 [   D:8 =*

Annotations:
D:3 1 runed translucent door, Crazy Yiuf
D:4 3 runed translucent doors, LeprechaunX's ghost, amateur OpSh
D:12 2 transporters, LobsterGuardian's ghost, journeyman MiHu


Innate Abilities, Weirdness & Mutations

You have large cloven feet.
You have a pair of small horns on your head.
Your spells are a little easier to cast, but a little less powerful.
You have hidden genetic defects.


Message History

The slime creature hits you but does no damage.
You thump the very large slime creature!
You burn the very large slime creature.
The very large slime creature is heavily wounded.
The slime creature hits you!
You block the very large slime creature's attack.
You puncture the very large slime creature!
You burn the very large slime creature.
You headbutt the very large slime creature!
The very large slime creature is severely wounded.
The slime creature hits you but does no damage.
The very large slime creature hits you!!!
A red film seems to cover your vision as you go berserk!
You feel yourself moving faster!
You feel mighty!
You sock the very large slime creature! You burn the very large slime creature.
You headbutt the very large slime creature!
The very large slime creature is almost dead.
The slime creature hits you but does no damage.
The very large slime creature closely misses you.
You puncture the very large slime creature!
You burn the very large slime creature.
You headbutt the very large slime creature!
The very large slime creature is almost dead.
The slime creature hits you but does no damage.
The very large slime creature hits you!!!
* * * LOW HITPOINT WARNING * * *
You feel a strong urge to attack something.
You feel your anger nearly subside.
You are no longer berserk.
You are exhausted.
You feel yourself slow down.
It was a potion of enlightenment.
You feel very buoyant.
You fly up into the air.
You block the slime creature's attack.
Two slime creatures merge to form an enormous slime creature.
You bludgeon the enormous slime creature!!
You burn the enormous slime creature!
The enormous slime creature is almost dead.
The enormous slime creature hits you!!!
Ouch! That really hurt!
You die...

###### # #########....#### #
#...............# ###. ##
#.#####.P...###.# ..... ##.
#.# #.P....#.#..
##....#.#####.####........#.#
#.?........J@....P...#....#.#
##....#######.##.P..##.._.#.#
##.# #........#....#.# #
####..........#.#
#........#.#.. ##.#...P.###..
#.###.P..P... #.# #....)...
#.# #####...#


You could see an enormous slime creature.

Vanquished Creatures
  A hydra (D:10)
  A vault guard (Bailey)
  3 two-headed ogres
  A tengu warrior (D:10)
  A deep elf pyromancer (D:7)
  2 cyclopes
  Psyche (D:12)
  An unseen horror (D:11)
  4 trolls
  A queen bee (shapeshifter) (D:10)
  A hornet (D:9)
  Prince Ribbit (Bailey)
  A shadow (D:12)
  A wraith (D:9)
  3 humans (Bailey)
  16 yaks
  3 wargs (D:9)
  A water moccasin (D:7)
  An acid dragon (D:10)
  Duvessa (D:7)
  3 black bears
  6 orc warriors
  An ice beast (D:6)
  2 ogres
  6 centaurs
  2 phantoms
  A kobold brigand (D:8)
  Blork the orc (D:5)
  7 bullfrogs
  3 elf skeletons (D:6)
  3 gnoll sergeants (D:8)
  3 scorpions
  4 wights (D:8)
  Dowan (D:7)
  19 killer bees
  4 howler monkeys
  4 human zombies (D:6)
  3 jellies
  8 orc priests
  6 hounds
  3 gnoll boudas (D:8)
  A sleepcap (D:5)
  Natasha (thrice) (D:3)
  2 human skeletons (D:6)
  An iguana (D:5)
  12 orc wizards
  31 gnolls
  7 adders
  A shadow imp (D:7)
  3 white imps
  3 dart slugs (D:4)
  65 orcs
  4 endoplasms
  12 goblins
  4 hobgoblins
  A jackal (D:8)
  14 kobolds
  2 quokkas
  3 ball pythons
  3 bats (D:1)
  9 frilled lizards
  An orc skeleton (D:6)
  An orc zombie (D:6)
  3 rats
321 creatures vanquished.

Vanquished Creatures (others)
  A quokka (D:10)
  A spectral weapon (Bailey)
2 creatures vanquished.

Grand Total: 323 creatures vanquished

Notes
Turn   | Place    | Note
-------+----------+-------------------------------------------
     0 | D:1      | MisterAzrael the Hill Orc Fighter began the quest for the
                  | Orb.
     0 | D:1      | Reached XP level 1. HP: 19/19 MP: 1/1
   195 | D:1      | Reached XP level 2. HP: 27/27 MP: 2/2
   215 | D:1      | Reached skill level 3 in Axes
   439 | D:1      | Reached XP level 3. HP: 29/33 MP: 3/3
   875 | D:2      | Found Laer's Antique Armour Shop.
  1210 | D:2      | Reached XP level 4. HP: 40/40 MP: 4/4
  1646 | D:3      | Found a shimmering altar of Xom.
  1761 | D:3      | Noticed Natasha
  1773 | D:3      | Killed Natasha
  1774 | D:3      | Reached skill level 1 in Throwing
  1865 | D:3      | Noticed Natasha
  1881 | D:3      | Killed Natasha
  1882 | D:3      | Reached skill level 4 in Axes
  1908 | D:3      | Noticed Natasha
  1944 | D:3      | Killed Natasha
  1945 | D:3      | Reached XP level 5. HP: 20/47 MP: 5/5
  2258 | D:3      | Found a burning altar of Makhleb.
  2468 | D:3      | Found a runed translucent door.
  2469 | D:3      | Noticed Crazy Yiuf
  2613 | D:4      | Noticed a black bear
  2622 | D:4      | Killed a black bear
  2623 | D:4      | Reached XP level 6. HP: 52/55 MP: 6/6
  2679 | D:4      | Reached skill level 5 in Axes
  2712 | D:4      | Reached skill level 5 in Fighting
  2808 | D:4      | Reached XP level 7. HP: 61/61 MP: 7/7
  2819 | D:4      | Found a basalt altar of Yredelemnul.
  2950 | D:4      | Identified the +5 dagger "Cosa" {freeze, rN++ Dex-4}
  3115 | D:4      | Found a broken altar of Ashenzari.
  3257 | D:4      | Found a runed translucent gate.
  3257 | D:4      | Found a runed translucent gate.
  3257 | D:4      | Found a runed translucent gate.
  3258 | D:4      | Found an opulent altar of Gozag.
  3260 | D:4      | Noticed LeprechaunX's ghost (amateur OpSh)
  3298 | D:5      | Entered Level 5 of the Dungeon
  3471 | D:5      | Noticed Blork the orc
  3482 | D:5      | Killed Blork the orc
  3483 | D:5      | Reached skill level 6 in Axes
  4071 | D:5      | Reached skill level 5 in Shields
  4219 | D:6      | Reached skill level 5 in Armour
  4219 | D:6      | Reached XP level 8. HP: 69/69 MP: 8/8
  4310 | D:6      | Found an ornate altar of the Wu Jian Council.
  4349 | D:6      | Found a staircase to the Ecumenical Temple.
  4405 | Temple   | Entered the Ecumenical Temple
  4419 | Temple   | Became a worshipper of the Shining One
  4522 | D:6      | Reached skill level 7 in Axes
  4828 | D:6      | Found a shadowy altar of Dithmenos.
  4892 | D:6      | Reached * piety under the Shining One
  4910 | D:6      | Reached skill level 8 in Axes
  4915 | D:6      | Reached XP level 9. HP: 76/78 MP: 9/9
  4939 | D:6      | Reached skill level 5 in Throwing
  5014 | D:6      | Found a sparkling altar of Nemelex Xobeh.
  5239 | D:7      | Noticed Duvessa
  5244 | D:7      | Identified 2 scrolls of acquirement
  5245 | D:7      | Acquired the +2 pair of boots "Latt" {Int+3 Dex+3}
  5247 | D:7      | Acquired 1163 gold pieces
  5255 | D:7      | Killed Duvessa
  5256 | D:7      | Reached skill level 9 in Axes
  5361 | D:7      | Noticed Dowan
  5372 | D:7      | Killed Dowan
  6069 | D:7      | Reached skill level 1 in Invocations
  6088 | D:7      | Noticed a deep elf pyromancer
  6097 | D:7      | Killed a deep elf pyromancer
  6098 | D:7      | Reached skill level 10 in Axes
  6098 | D:7      | Reached XP level 10. HP: 65/88 MP: 9/11
  6187 | D:8      | Reached ** piety under the Shining One
  6753 | D:8      | Found Nehinun's Jewellery Boutique.
  6813 | D:8      | Found Eweckile's Assorted Antiques.
  6867 | D:8      | Reached skill level 11 in Axes
  7256 | D:8      | Found an iron altar of Okawaru.
  7392 | D:9      | Reached *** piety under the Shining One
  7448 | D:9      | Found a flagged portal.
  7460 | Bailey   | Entered a bailey
  7506 | Bailey   | Reached XP level 11. HP: 95/95 MP: 14/14
  7525 | Bailey   | Noticed Prince Ribbit
  7525 | Bailey   | Noticed a vault guard
  7531 | Bailey   | Killed Prince Ribbit
  7534 | Bailey   | Killed a vault guard
  7535 | Bailey   | Reached skill level 5 in Invocations
  7589 | Bailey   | Acquired the +5 executioner's axe "Sodem" {speed, rN+ MP+9
                  | Str-5 Dex+7}
  7785 | D:9      | Reached skill level 12 in Axes
  7909 | D:9      | Found a staircase to the Lair.
  8000 | D:9      | Paralysed by a hornet for 2 turns
  8275 | D:10     | Entered Level 10 of the Dungeon
  8296 | D:10     | Found a roughly hewn altar of Beogh.
  8436 | D:10     | Found a white marble altar of Elyvilon.
  8478 | D:10     | Noticed a two-headed ogre
  8483 | D:10     | Killed a two-headed ogre
  8633 | D:10     | Noticed a five-headed hydra
  8633 | D:10     | Noticed a tengu warrior
  8902 | D:10     | Found a radiant altar of Vehumet.
  8911 | D:10     | Found a sacrificial altar of Ru.
  8984 | D:10     | Reached skill level 13 in Axes
  9142 | D:10     | Identified the +8 morningstar "Nir Koem" {flame, *Rage
                  | rElec Str+6}
  9172 | D:10     | Noticed a cyclops
  9179 | D:10     | Killed a cyclops
  9180 | D:10     | Reached skill level 1 in Maces & Flails
  9190 | D:10     | Killed a tengu warrior
  9267 | D:10     | Identified the ring "Irium" {Wiz MP+9}
  9337 | D:10     | Gained mutation: Your spells are a little easier to cast,
                  | but a little less powerful. [potion of mutation]
  9337 | D:10     | Gained mutation: You expend magic power (3 MP) to
                  | strengthen your wands. [potion of mutation]
  9337 | D:10     | Gained mutation: You have hidden genetic defects. [potion
                  | of mutation]
  9344 | D:10     | Killed a five-headed hydra
  9345 | D:10     | Reached XP level 12. HP: 100/106 MP: 15/17
  9368 | D:10     | Identified the +3 orcbow of Chaos {speed, Drain rN+ rCorr
                  | Int+8}
  9622 | D:11     | Noticed a two-headed ogre
  9626 | D:11     | Killed a two-headed ogre
  9667 | D:11     | Gained mutation: You have terrible hidden genetic defects.
                  | [hidden defects]
  9671 | D:11     | Lost mutation: You expend magic power (3 MP) to strengthen
                  | your wands. [potion of mutation]
  9671 | D:11     | Lost mutation: Your spells are a little easier to cast, but
                  | a little less powerful. [potion of mutation]
  9671 | D:11     | Lost mutation: You have terrible hidden genetic defects.
                  | [potion of mutation]
  9671 | D:11     | Gained mutation: You are vulnerable to cold. (rC-) [potion
                  | of mutation]
  9671 | D:11     | Gained mutation: You have an increased reservoir of magic.
                  | (+10% MP) [potion of mutation]
  9671 | D:11     | Gained mutation: You have a beak for a mouth. [potion of
                  | mutation]
  9671 | D:11     | Gained mutation: You are robust. (+10% HP) [potion of
                  | mutation]
  9681 | D:11     | Reached skill level 10 in Fighting
  9893 | D:11     | Noticed a two-headed ogre
  9899 | D:11     | Killed a two-headed ogre
  9928 | D:11     | Lost mutation: You have an increased reservoir of magic.
                  | (+10% MP) [potion of mutation]
  9928 | D:11     | Lost mutation: You are vulnerable to cold. (rC-) [potion of
                  | mutation]
  9928 | D:11     | Lost mutation: You have a beak for a mouth. [potion of
                  | mutation]
  9928 | D:11     | Gained mutation: You are agile. (Dex +4, Str/Int -1)
                  | [potion of mutation]
  9928 | D:11     | Gained mutation: You have large cloven feet. [potion of
                  | mutation]
  9928 | D:11     | Gained mutation: You expend magic power (3 MP) to
                  | strengthen your wands. [potion of mutation]
  9929 | D:11     | Lost mutation: You are robust. (+10% HP) [potion of
                  | mutation]
  9929 | D:11     | Lost mutation: You expend magic power (3 MP) to strengthen
                  | your wands. [potion of mutation]
  9929 | D:11     | Lost mutation: You are agile. (Dex +4, Str/Int -1) [potion
                  | of mutation]
  9929 | D:11     | Gained mutation: Your spells are a little easier to cast,
                  | but a little less powerful. [potion of mutation]
  9929 | D:11     | Gained mutation: You have a pair of small horns on your
                  | head. [potion of mutation]
 10091 | D:12     | Found a transporter.
 10095 | D:12     | Noticed LobsterGuardian's ghost (journeyman MiHu)
 10097 | D:12     | Noticed a death knight
 10097 | D:12     | Reached **** piety under the Shining One
 10206 | D:12     | Found a transporter.
 10294 | D:12     | Found an ancient bone altar of Kikubaaqudgha.
 10302 | D:12     | Noticed Psyche
 10307 | D:12     | Killed Psyche
 10362 | D:12     | Annihilated by an enormous slime creature

Illustrated notes

Levels and vault maps discovered:
D:1:      minmay_arrival_arboretum_small, layout_basic,
          corexii_leaking_fountain, minmay_misc_feat_pillars,
          lexackson_kobold_supper
D:2:      wad_pebble_path, layout_basic, serial_shops, nicolae_shop_tiny_glass,
          amcnicky_mini_pool_small, minmay_lizard_pond
D:3:      layout_loops_ring, nicolae_overflow_hidden_temple,
          nicolae_houndstooth_variations, uniq_natasha, uniq_crazy_yiuf_cottage
D:4:      layout_cave_pools, general_overflow_altar,
          mainiacjoe_overflow_tiny_flanked, ebering_ghost_gozag,
          kennysheep_generic_room_13
D:5:      layout_layer_cave, chequers_arboretum, uniq_blork_the_orc
D:6:      layout_cave_pools, grunt_dithmenos_smoke_and_mirrors,
          lemuel_coloured_pillars_altar, lemuel_crystal_altar, temple_fountains,
          nicolae_ossuary_entry_catacombs
D:7:      layout_gridville, minmay_misc_feat_roman, minmay_three_doors,
          uniq_duvessa
D:8:      layout_cave_pools, lemuel_tele_altar, serial_gnoll_camp,
          gnoll_camp_mini_hut, gnoll_camp_mini_house, gnoll_camp_medium_01,
          gnoll_camp_mini_basic, gnoll_camp_mini_shop, gnoll_camp_mini_shop
D:9:      layout_loops_ring, erik_lair_orcish_takeover, enter_bailey_3
D:10:     minmay_tri_box, layout_rooms, elyvilon_altar_4,
          mainiacjoe_overflow_catwalk_spiral, special_room [special_room_orc]
D:11:     layout_rooms
D:12:     layout_loops_corners, erik_orc_2, gammafunk_ghost_arena,
          kiku_gazebo_garden_becter, uniq_psyche
Temple:   nicolae_temple_figure_zero

Skill      XL: |  1  2  3  4  5  6  7  8  9 10 11 12 |
---------------+-------------------------------------+-----
Axes           | 3 4 5 6 8 10 11 13 | 13.0
Fighting       | 4 5 6 7 8 9 10 | 10.1
Throwing       | 1 2 3 4 6 7 9 |  9.8
Armour         | 4 5 6 |  6.5
Shields        | 4 5 6 7 8 |  8.0
Invocations    | 2 4 6 7 |  7.4
Maces & Flails | 2 4 |  4.7

Action                     |  1- 3 |  4- 6 |  7- 9 | 10-12 || total
---------------------------+-------+-------+-------+-------++-------
  Melee: War axe           |    91 |    73 |   268 |    95 ||   527
         Hand axe          |       |       |    24 |    65 ||    89
         Executioner's axe |       |       |       |   108 ||   108
         Morningstar       |       |       |       |    53 ||    53
         Whip              |       |       |       |     1 ||     1
         Headbutt          |       |       |       |    10 ||    10
         Peck              |       |       |       |     1 ||     1
  Throw: Dart              |       |    14 |    72 |    11 ||    97
 Invoke: Divine Shield     |       |       |       |     1 ||     1
  Evoke: Wand              |       |     1 |       |       ||     1
    Use: Potion            |       |     1 |     1 |     6 ||     8
         Scroll            |       |       |     3 |    14 ||    17
 Armour: Scale mail        |    10 |       |       |       ||    10
         Plate armour      |    63 |    60 |   190 |   264 ||   577
  Dodge: Dodged            |    40 |    34 |    93 |   103 ||   270
  Block: Buckler           |    15 |    17 |    75 |    82 ||   189

Table legend: (Time is in decaauts)
 A = Elapsed time spent in this place.
 B = Non-inter-level travel time spent in this place.
 C = Inter-level travel time spent in this place.
 D = Time resting spent in this place.
 E = Time spent auto-exploring this place.
 F = Levels seen in this place.
 G = Mean time per level.
                   A        B        C        D        E       F      G
               +--------+--------+--------+--------+--------+-----+--------+
         Total |  10479 |  10098 |    381 |    758 |   7026 |  14 |  748.5 |
       Dungeon |  10309 |   9941 |    368 |    758 |   6960 |  12 |  859.1 |
        Temple |     29 |     16 |     13 |      0 |      0 |   1 |   29.0 |
        Bailey |    139 |    139 |      0 |      0 |     66 |   1 |  139.0 |
               +--------+--------+--------+--------+--------+-----+--------+

Top non-repeatable levels by time:
    D:10: 1268 daAuts
     D:8: 1155 daAuts
     D:3: 1144 daAuts
     D:7: 1107 daAuts
     D:5: 916 daAuts
     D:6: 879 daAuts
     D:1: 827 daAuts
     D:9: 740 daAuts
     D:2: 717 daAuts
     D:4: 696 daAuts
    D:11: 545 daAuts
    D:12: 312 daAuts
  Bailey: 139 daAuts
  Temple: 29 daAuts
